 Dungeon Crawl Stone Soup version 0.22.1-6-g1668fe2c40 (webtiles) character file.

571 LabCoat the Shield-Bearer (level 7, -7/52 HPs)
             Began as a Human Fighter on Jan 22, 2019.
             Killed by nerve-wracking pain
             ... invoked by an orc priest
              (12 damage)
             ... on level 4 of the Dungeon.
             The game lasted 00:38:40 (3977 turns).

LabCoat the Shield-Bearer (Human Fighter)           Turns: 3977, Time: 00:38:40

Health: -7/52      AC:  8    Str: 17    XL:     7   Next: 60%
Magic:  7/7        EV:  8    Int:  8    God:
Gold:   178        SH:  9    Dex: 14    Spells: 6/6 levels left

rFire    . . .     SeeInvis .   a - +1 flail
rCold    . . .     Gourm    .   c - +0 shield
rNeg     . . .     Faith    .   b - +0 scale mail
rPois    .         Spirit   .   (no helmet)
rElec    .         Reflect  .   (no cloak)
rCorr    .         Harm     .   m - +0 pair of gloves
MR       .....                  (no boots)
Stlth    ..........             (no amulet)
HPRegen  0.17/turn              (no ring)
MPRegen  0.10/turn              (no ring)

@: no status effects
A: no striking features
a: no special abilities


You were on level 4 of the Dungeon.
You were not hungry.

You visited 1 branch of the dungeon, and saw 4 of its levels.

You collected 178 gold pieces.

Inventory:

Hand Weapons
 a - a +1 flail (weapon)
 n - a +0 hunting sling
Missiles
 e - 5 tomahawks (quivered)
 p - 17 bolts
 q - 52 sling bullets
Armour
 b - a +0 scale mail (worn)
 c - a +0 shield (worn)
 k - a +0 cloak
 m - a +0 pair of gloves (worn)
 t - a +0 helmet
 u - a +0 pair of boots
Jewellery
 v - an uncursed ring of poison resistance {unknown}
Wands
 w - a wand of flame (30)
Scrolls
 h - 2 scrolls of enchant weapon
 o - a scroll of fear {unknown}
 s - a scroll of magic mapping {unknown}
 x - a scroll of immolation {unknown}
Potions
 d - 2 potions of might
 g - a potion of haste {unknown}
 r - a potion of magic
 z - a potion of flight {unknown}
Comestibles
 f - 14 rations
 j - 2 chunks of flesh


   Skills:
 + Level 3.5 Fighting
 * Level 4.6 Maces & Flails
 * Level 3.2(3.3) Slings
 + Level 0.2(2.0) Throwing
 + Level 3.6 Armour
 + Level 1.1 Dodging
 + Level 0.8 Stealth
 * Level 4.7 Shields


You had 6 spell levels left.
You didn't know any spells.
Your spell library contained the following spells:

 Spells                   Type           Power        Failure   Level  Hunger
 Magic Dart               Conj           #...         99%         1    ##.....
 Searing Ray              Conj           #.....       100%        2    ###....
 Dazzling Spray           Conj/Hex       #.....       100%        3    ####...
 Force Lance              Conj/Tloc      #.......     100%        4    #####..
 Fulminant Prism          Conj/Hex       #.........   100%        4    #####..
 Iskenderun's Mystic Bla  Conj           #.......     100%        4    #####..


Dungeon Overview and Level Annotations

Branches:
Dungeon (4/15)
 Temple: D:4-7

Altars:


Message History

The orc wizard hits you but does no damage.
The orc priest hits you with a short sword.
The orc priest mumbles some strange prayers to Beogh against you.
Beogh smites you!
* * * LOW HITPOINT WARNING * * *
You see here a quokka skeleton.
Sorry, you're not good enough to have a special ability.
Okay, then.
The orc wizard casts a spell.
The orc wizard blinks!
The orc priest mumbles some strange prayers to Beogh against you.
Pain shoots through your body!
* * * LOW HITPOINT WARNING * * *
Okay, then.
As you read the scroll of fog, it crumbles to dust.
The scroll dissolves into smoke.
You see here a frilled lizard skeleton.
The orc priest invokes the aid of Beogh against you.
Pain shoots through your body!
You die...

...............
..###.......##. .....
............#..#. .....
#..#............#..........(
.....#..........#....#....(#
....#...........##..###..(##
................#...(#..(..#
....................(.((....
.....#..........@..(..(.....
................#.§.........
.^..............#§§.(#.....#
.........#.##.#.##.§###...##
...#####...##.o.##§§.#.....#
...# ##.#.....##§§#.....#..
#### #.......###o###...## #
##..##..§§##§# ####
#..####..§§§§#


You could see an orc priest.

Vanquished Creatures
  Sigmund (D:4)
  Eustachio (D:4)
  A hound (D:4)
  2 orc wizards
  A worker ant (D:4)
  Robin (D:3)
  4 adders
  A worm (D:3)
  2 dart slugs (D:1)
  2 leopard geckos
  9 orcs
  2 giant cockroaches
  21 goblins
  12 hobgoblins
  3 jackals (D:1)
  3 quokkas
  5 bats
  4 frilled lizards
  A jackal skeleton (D:4)
  4 kobolds
  A quokka zombie (D:4)
  4 rats
85 creatures vanquished.

Vanquished Creatures (others)
  An orc wizard (D:3)
1 creature vanquished.

Grand Total: 86 creatures vanquished

Notes
Turn   | Place    | Note
-------+----------+-------------------------------------------
     0 | D:1      | LabCoat the Human Fighter began the quest for the Orb.
     0 | D:1      | Reached XP level 1. HP: 18/18 MP: 1/1
   148 | D:1      | Reached XP level 2. HP: 23/24 MP: 2/2
   478 | D:1      | Reached XP level 3. HP: 29/29 MP: 3/3
  1272 | D:2      | Reached XP level 4. HP: 35/35 MP: 4/4
  1424 | D:2      | Reached skill level 1 in Slings
  1566 | D:2      | You fall through a shaft!
  1863 | D:3      | Noticed Robin
  1878 | D:3      | Killed Robin
  1883 | D:3      | Reached XP level 5. HP: 40/41 MP: 5/5
  3026 | D:4      | Reached XP level 6. HP: 41/47 MP: 6/6
  3131 | D:4      | Noticed Sigmund
  3152 | D:4      | Killed Sigmund
  3152 | D:4      | Reached XP level 7. HP: 22/52 MP: 7/7
  3598 | D:4      | Noticed Eustachio
  3630 | D:4      | Killed Eustachio
  3630 | D:4      | Reached skill level 1 in Dodging
  3977 | D:4      | Killed from afar by an orc priest

Skill      XL: |  1  2  3  4  5  6  7 |
---------------+----------------------+-----
Slings         | 1 2 3 |  3.2
Maces & Flails | 3 4 |  4.6
Shields        | 4 |  4.7
Dodging        | 1 |  1.1
Fighting       | |  3.5
Throwing       | |  0.2
Armour         | |  3.6
Stealth        | |  0.8

Action                   |  1- 3 |  4- 6 |  7- 9 || total
-------------------------+-------+-------+-------++-------
Melee: Flail             |    99 |   161 |    45 ||   305
 Fire: Hunting sling     |     9 |    51 |    21 ||    81
  Use: Scroll            |     7 |     2 |     2 ||    11
       Potion            |     1 |     2 |     1 ||     4
  Eat: Chunk             |     1 |     5 |       ||     6
       Ration            |       |     1 |     1 ||     2
Armor: Scale mail        |    44 |    80 |    61 ||   185
       Skin              |       |    22 |       ||    22
Dodge: Dodged            |    23 |    52 |    43 ||   118
Block: Shield            |    49 |    99 |    54 ||   202
